 Dungeon Crawl Stone Soup version 0.29-a0-103-g37f86683bf (webtiles) character file.

Game seed: 15705468662130574025

68 frimble the Chiller (level 4, 0/32 HPs)
             Began as a Gnoll Ice Elementalist on Feb 15, 2022.
             Killed by nerve-wracking pain
             ... invoked by Grinder
              (10 damage)
             ... on level 3 of the Dungeon.
             The game lasted 00:01:59 (3467 turns).

frimble the Chiller (Gnoll Ice Elementalist)        Turns: 3467, Time: 00:01:59

Health: 0/32       AC:  2    Str:  8 (10) XL:     4   Next: 19%
Magic:  11/11      EV: 12    Int: 13 (14) God:
Gold:   157        SH:  5    Dex:  9 (12) Spells: 6/13 levels left

rFire   + . .      SeeInvis .   b - +0 dagger
rCold   + . .      Faith    .   c - +2 buckler
rNeg    . . .      Spirit   .   a - +0 robe
rPois   +          Reflect  .   (no helmet)
rElec   +          Harm     .   (no cloak)
rCorr   +          Rampage  .   (no gloves)
Will    .....                   (no boots)
Stlth   ++........              (no amulet)
HPRegen 0.10/turn               (no ring)
MPRegen 0.12/turn               (no ring)

@: resistant
A: fangs 1, strong nose, distributed training
a: no special abilities


You were on level 3 of the Dungeon.
You visited 1 branch of the dungeon, and saw 3 of its levels.

You collected 157 gold pieces.

Inventory:

Hand Weapons
 b - a +0 dagger (weapon)
Missiles
 k - 5 javelins
Armour
 a - a +0 robe (worn)
 c - a +2 buckler (worn)
Scrolls
 d - 2 scrolls of blinking
 f - 2 scrolls of teleportation {unknown}
 g - a scroll of enchant armour {unknown}
 i - a scroll of identify
 j - a scroll of noise {unknown}


   Skills:
 + Level 1.0 Fighting
 + Level 1.0 Short Blades
 + Level 1.0 Long Blades
 + Level 1.0 Axes
 + Level 1.0 Maces & Flails
 + Level 1.0 Polearms
 + Level 1.0 Staves
 + Level 1.0 Slings
 + Level 1.0 Bows
 + Level 1.0 Crossbows
 + Level 1.0 Throwing
 + Level 1.0 Armour
 + Level 4.6 Dodging
 + Level 4.2 Stealth
 + Level 1.0 Shields
 + Level 1.0 Unarmed Combat
 + Level 5.0 Spellcasting
 + Level 0.8 Conjurations
 + Level 0.8 Hexes
 + Level 0.8 Summonings
 + Level 0.8 Necromancy
 + Level 0.8 Translocations
 + Level 0.8 Transmutations
 + Level 0.8 Fire Magic
 + Level 7.1 Ice Magic
 + Level 0.8 Air Magic
 + Level 0.8 Earth Magic
 + Level 0.8 Poison Magic
 + Level 1.1 Invocations
 + Level 1.0 Evocations


You had 6 spell levels left.
You knew the following spells:

 Your Spells              Type           Power      Damage    Failure   Level
a - Freeze                Ice            84%        1d10      1%          1
b - Frozen Ramparts       Ice            42%        1d6       4%          3
c - Ozocubu's Armour      Ice            21%        N/A       4%          3

Your spell library contained the following spells:

 Spells                   Type           Power      Damage    Failure   Level
 Hailstorm                Conj/Ice       13%        3d5       43%         4
 Confusing Touch          Hex            5%         N/A       47%         3
 Yara's Violent Unravell  Hex/Tmut       2%         3d3       99%         5
 Enfeeble                 Hex            2%         N/A       100%        7


Dungeon Overview and Level Annotations

Branches:
Dungeon (3/15)

Altars:
Dithmenos

Annotations:
D:3 Grinder


Innate Abilities, Weirdness & Mutations

You have very sharp teeth.
Your uncanny sense of smell can sniff out nearby items.
Your experience applies equally to all skills.


Message History

Search for what [Enter for "armo", or ? for help]? jav
Things that are here:
a +0 short sword; 5 stones; a kobold skeleton You see here 26 stones.
You see here 5 javelins.
k - 5 javelins You open the door.
There is an open door here.
A ball python comes into view.
A ball python is nearby!
A ball python is nearby!
A ball python is nearby!
Found 22 stones.
Found 13 gold pieces.
Grinder comes into view.
The helpless ball python fails to defend itself.
You puncture the ball python!
You kill the ball python!
Found a shadowy altar of Dithmenos.
Grinder shouts!
Grinder blinks!
Grinder gestures at you.
You suddenly lose the ability to move!
Grinder gestures at you. Pain shoots through your body!
You can move again.
Grinder closely misses you.
You hit Grinder.
Grinder is lightly wounded.
Grinder hits you!
You writhe in agony.
It was a potion of resistance.
You feel protected. Grinder gestures at you. Pain shoots through your body!
It was a potion of degeneration.
There was something very wrong with that liquid.
You feel weakened.
You feel dopey.
You feel clumsy. Grinder gestures at you. Pain shoots through your body!
You die...

#..#####..# #..
#..### #..# #..
#....# #..# #..
########+#.###..#
#..
#.....(.........#
#..
#.............#+#
###
#.........###..$..
#..................∆
#...@.....###.......
#.§5§.....# ########
#.§.§.....#
#.§§§§....#
#.§§§§....#
#.........#
###########


You could see Grinder.

Vanquished Creatures
  3 dart slugs (D:1)
  2 bats
  3 endoplasms
  2 giant cockroaches (D:1)
  9 goblins
  5 hobgoblins
  9 jackals
  4 kobolds
  4 quokkas
  5 ball pythons
  3 frilled lizards
  4 rats
53 creatures vanquished.

Notes
Turn   | Place    | Note
-------+----------+-------------------------------------------
     0 | D:1      | frimble the Gnoll Ice Elementalist began the quest for the
                  | Orb.
     0 | D:1      | Reached XP level 1. HP: 13/13 MP: 6/6
   279 | D:1      | Reached XP level 2. HP: 19/19 MP: 7/7
   297 | D:1      | Found a faded altar of an unknown god.
   917 | D:1      | Reached XP level 3. HP: 16/25 MP: 7/9
   919 | D:1      | Reached skill level 5 in Spellcasting
  1188 | D:1      | Reached skill level 1 in Invocations
  2227 | D:2      | Learned a level 3 spell: Frozen Ramparts
  2231 | D:2      | Learned a level 3 spell: Ozocubu's Armour
  2734 | D:2      | Reached skill level 1 in Fighting
  2734 | D:2      | Reached skill level 1 in Short Blades
  2734 | D:2      | Reached skill level 1 in Long Blades
  2734 | D:2      | Reached skill level 1 in Axes
  2734 | D:2      | Reached skill level 1 in Maces & Flails
  2734 | D:2      | Reached skill level 1 in Polearms
  2734 | D:2      | Reached skill level 1 in Staves
  2734 | D:2      | Reached skill level 1 in Slings
  2734 | D:2      | Reached skill level 1 in Bows
  2734 | D:2      | Reached skill level 1 in Crossbows
  2734 | D:2      | Reached skill level 1 in Throwing
  2734 | D:2      | Reached skill level 1 in Armour
  2734 | D:2      | Reached skill level 1 in Shields
  2734 | D:2      | Reached skill level 1 in Unarmed Combat
  2734 | D:2      | Reached skill level 1 in Evocations
  2916 | D:2      | Noticed a phantom
  2958 | D:3      | Reached XP level 4. HP: 28/32 MP: 11/11
  3455 | D:3      | Noticed Grinder
  3458 | D:3      | Found a shadowy altar of Dithmenos.
  3462 | D:3      | Paralysed by Grinder for 2 turns
  3467 | D:3      | Killed from afar by Grinder

Illustrated notes

Levels and vault maps discovered:
D:1:      co_arrival_hall_of_pillars, layout_basic, basic_ecumenical_altar,
          minmay_heptomino_h4
D:2:      layout_loops_corners, minivault_25, kennysheep_generic_room_14
D:3:      layout_basic, grunt_dithmenos_smoke, uniq_grinder

Skill      XL: |  1  2  3 |
---------------+----------+-----
Spellcasting   | 5 |  5.0
Invocations    | 1 |  1.1
Fighting       | 1 |  1.0
Short Blades   | 1 |  1.0
Long Blades    | 1 |  1.0
Axes           | 1 |  1.0
Maces & Flails | 1 |  1.0
Polearms       | 1 |  1.0
Staves         | 1 |  1.0
Slings         | 1 |  1.0
Bows           | 1 |  1.0
Crossbows      | 1 |  1.0
Throwing       | 1 |  1.0
Armour         | 1 |  1.0
Shields        | 1 |  1.0
Unarmed Combat | 1 |  1.0
Evocations     | 1 |  1.0
Dodging        | |  4.6
Stealth        | |  4.2
Conjurations   | |  0.8
Hexes          | |  0.8
Summonings     | |  0.8
Necromancy     | |  0.8
Translocations | |  0.8
Transmutations | |  0.8
Fire Magic     | |  0.8
Ice Magic      | |  7.1
Air Magic      | |  0.8
Earth Magic    | |  0.8
Poison Magic   | |  0.8

Action                   |  1- 3 |  4- 6 || total
-------------------------+-------+-------++-------
Melee: Unarmed           |     7 |       ||     7
       Dagger            |   134 |    28 ||   162
       Bite              |    16 |     3 ||    19
 Cast: Freeze            |    29 |       ||    29
       Frozen Ramparts   |     1 |     2 ||     3
  Use: Scroll            |     1 |       ||     1
       Potion            |       |     2 ||     2
 Stab: Sleeping          |     7 |     1 ||     8
Armor: Robe              |    28 |     4 ||    32
Dodge: Dodged            |   105 |    19 ||   124
Block: Buckler           |    12 |     8 ||    20

Table legend: (Time is in decaauts)
 A = Elapsed time spent in this place.
 B = Non-inter-level travel time spent in this place.
 C = Inter-level travel time spent in this place.
 D = Time resting spent in this place.
 E = Time spent auto-exploring this place.
 F = Levels seen in this place.
 G = Mean time per level.
                   A        B        C        D        E       F      G
               +--------+--------+--------+--------+--------+-----+--------+
         Total |   3462 |   3294 |    168 |    111 |   2736 |   3 | 1154.0 |
       Dungeon |   3462 |   3294 |    168 |    111 |   2736 |   3 | 1154.0 |
               +--------+--------+--------+--------+--------+-----+--------+

Top non-repeatable levels by time:
     D:1: 2097 daAuts
     D:2: 819 daAuts
     D:3: 544 daAuts
